 Dungeon Crawl Stone Soup version 0.18-a0-971-g0af6217 (webtiles) character file.

129 Havendes the Covered (level 4, -2/41 HPs)
             Began as a Minotaur Fighter on Jan 2, 2016.
             Slain by a gnoll
             ... wielding a +0 spear
              (4 damage)
             ... on level 4 of the Dungeon.
             The game lasted 00:15:49 (2701 turns).

Havendes the Covered (Minotaur Fighter)             Turns: 2701, Time: 00:15:49

Health: -2/41      AC:  9    Str: 20    XL:     4   Next: 88%
Magic:  3/3        EV:  8    Int:  5    God:
Gold:   202        SH: 14    Dex: 11    Spells: 0 memorised, 3 levels left

rFire  . . .     SeeInvis .     a - +1 flail
rCold  . . .     Gourm    .     b - +0 scale mail
rNeg   . . .     Faith    .     c - +0 shield
rPois  .         Spirit   .     (helmet restricted)
rElec  .         Dismiss  .     y - +0 cloak
rCorr  .         Reflect  +     j - +0 pair of gloves
SustAt .         Harm     .     (no boots)
MR     .....                    t - +5 amulet of reflection
Stlth  ..........               (no ring)
                                (no ring)

@: not resistant to hostile enchantments, extremely unstealthy
A: retaliatory headbutt, horns 2
a: no special abilities


You were on level 4 of the Dungeon.
You were hungry.

You visited 1 branch of the dungeon, and saw 4 of its levels.

You collected 202 gold pieces.

Inventory:

Hand Weapons
 a - a +1 flail (weapon)
Missiles
 e - 69 stones (quivered)
Armour
 b - a +0 scale mail (worn)
 c - a +0 shield (worn)
 j - a +0 pair of gloves (worn)
 s - a +0 shield
 y - a +0 cloak (worn)
Jewellery
 t - a +5 amulet of reflection (around neck)
Wands
 u - a wand of flame (28/48)
Scrolls
 h - a scroll of enchant armour {unknown}
 m - a scroll of fear
 p - 2 scrolls of teleportation
 v - 2 scrolls of enchant weapon
 z - 2 scrolls of identify
Potions
 d - a potion of might
 q - a potion of curing
 w - a potion of flight {unknown}
Comestibles
 f - 3 bread rations
 k - 2 meat rations
 r - 6 fruits


   Skills:
 + Level 4.3 Fighting
 + Level 3.3 Maces & Flails
 + Level 0.8 Throwing
 + Level 4.6 Armour
 + Level 1.6 Dodging
 + Level 4.3 Shields


You had 3 spell levels left.
You didn't know any spells.

Dungeon Overview and Level Annotations

Branches:
Dungeon (4/15)
 Temple: D:4-7

Altars:
Qazlal


Innate Abilities, Weirdness & Mutations

You reflexively headbutt those who attack you in melee.
You have a pair of horns on your head.


Message History

You hit the gnoll.
The gnoll is almost dead.
You block the gnoll's attack. The gnoll hits you with a spear.
* * * LOW HITPOINT WARNING * * *
You block the gnoll's attack.
You sock the gnoll!
You kill the gnoll!
The gnoll hits you but does no damage. You block the gnoll's attack.
The gnoll hits you but does no damage. You block the gnoll's attack. x2
The gnoll closely misses you. The gnoll hits you but does no damage.
You block the gnoll's attack. x2
You block the gnoll's attack. The gnoll barely misses you.
You block the gnoll's attack. x2
The gnoll hits you but does no damage. You block the gnoll's attack.
You block the gnoll's attack. x2
The gnoll closely misses you. The gnoll hits you with a spear!
* * * LOW HITPOINT WARNING * * *
You block the gnoll's attack. The gnoll hits you with a spear.
You die...

##................
#................#
#................#
#...............#
................#
#..............#
.........)....#
#.....)@...##
#####..g....#
##....g....##
###[..........#
##.............#
###........!...###
####.........######
###........#####
........####


You could see 2 gnolls.

Vanquished Creatures
  2 gnolls (D:4)
  4 adders
  3 oozes
  3 giant geckos (D:3)
  An orc (D:4)
  A ball python (D:1)
  3 giant cockroaches
  5 hobgoblins
  2 jackals (D:3)
  A quokka (D:2)
  9 bats
  4 giant newts
  8 goblins
  8 kobolds
  8 rats
62 creatures vanquished.

Notes
Turn   | Place    | Note
--------------------------------------------------------------
     0 | D:1      | Havendes the Minotaur Fighter began the quest for the Orb.
     0 | D:1      | Reached XP level 1. HP: 19/19 MP: 0/0
   181 | D:1      | Reached skill level 4 in Armour
   238 | D:1      | Reached XP level 2. HP: 27/27 MP: 1/1
   617 | D:1      | Reached XP level 3. HP: 29/33 MP: 2/2
  1703 | D:3      | Reached skill level 1 in Dodging
  1745 | D:3      | Reached XP level 4. HP: 40/40 MP: 3/3
  2596 | D:4      | Found a stormy altar of Qazlal.
  2700 | D:4      | HP: 2/41 [gnoll/spear (9)]
  2701 | D:4      | Slain by a gnoll

Vault maps used:
D:1:      lemuel_arrival_river_bridge
D:3:      first_bread
D:4:      grunt_qazlal_clouds, minmay_temple_entry_trees

Action                   |  1- 3 |  4- 6 || total
-------------------------+-------+-------++-------
Melee: Flail             |    88 |    33 ||   121
Throw: Stone             |    23 |       ||    23
  Use: Potion            |     2 |     1 ||     3
       Scroll            |     6 |     3 ||     9
  Eat: Chunk             |     2 |     2 ||     4
       Fruit             |       |     1 ||     1
